 Dungeon Crawl Stone Soup version 0.30-a0-321-gf7783e6616 (webtiles) character file.

Game seed: 12696611395494323165

91 Bnni the Shield-Bearer (level 4, -4/37 HPs)
             Began as a Formicid Fighter on Oct 27, 2022.
             Killed from afar by Natasha (23 damage)
             ... with a bolt of dispelling energy
             ... on level 2 of the Dungeon.
             The game lasted 00:01:26 (1108 turns).

Bnni the Shield-Bearer (Formicid Fighter)           Turns: 1108, Time: 00:01:26

Health: -4/37      AC:  6    Str: 23    XL:     4   Next: 88%
Magic:  4/4        EV:  9    Int:  7    God:
Gold:   90         SH:  5    Dex: 13    Spells: 3/3 levels left

rFire   . . .      SeeInvis +    a - +0 war axe
rCold   . . .      Faith    .    c - +0 buckler
rNeg    . . .      Spirit   .    b - +0 scale mail
rPois   .          Reflect  .    (helmet unavailable)
rElec   .          Harm     .    (no cloak)
rCorr   .          Rampage  .    (no gloves)
Will    .....                    (no boots)
Stlth   ..........               (no amulet)
HPRegen 0.26/turn                (no ring)
MPRegen 0.09/turn                (no ring)

@: no status effects
A: permanent stasis, dig shafts and tunnels, antennae 3, four strong arms
a: Dig, Shaft Self


You were on level 2 of the Dungeon.
You visited 1 branch of the dungeon, and saw 2 of its levels.

You collected 90 gold pieces.

Inventory:

Hand Weapons
 a - a +0 war axe (weapon)
Missiles
 o - 6 boomerangs (quivered)
Armour
 b - a +0 scale mail (worn)
 c - a +0 buckler (worn)
Scrolls
 e - a scroll of butterflies {unknown}
 h - 4 scrolls of identify {unknown}
 l - a scroll of enchant weapon {unknown}
 m - 2 scrolls of poison {unknown}
 n - a scroll of teleportation {unknown}
 p - a scroll of brand weapon {unknown}
 q - a scroll of immolation {unknown}
Potions
 d - 2 potions of might
 f - a potion of heal wounds {unknown}
 g - 2 potions of degeneration {unknown}
 i - a potion of invisibility {unknown}
 j - a potion of curing {unknown}
 k - a potion of mutation {unknown}


   Skills:
 + Level 4.0 Fighting
 * Level 3.5 Axes
 - Level 3.2 Armour
 + Level 4.9 Shields


You had 3 spell levels left.
You didn't know any spells.
Your spell library contained the following spells:

 Spells                   Type           Power      Damage    Failure   Level
 Gell's Gravitas          Tloc           0%         N/A       99%         3
 Lesser Beckoning         Tloc           0%         N/A       99%         3
 Teleport Other           Tloc           0%         N/A       99%         3
 Manifold Assault         Tloc           0%         N/A       100%        4
 Storm Form               Tmut/Air       0%         N/A       100%        7
 Blink                    Tloc           Unusable   N/A       N/A         2

Dungeon Overview and Level Annotations

Branches:
Dungeon (2/15)

Altars:

Annotations:
D:2 Natasha


Innate Abilities, Weirdness & Mutations

You cannot be hasted, slowed, berserked, paralysed or teleported.
You can dig through walls and to a lower floor.
You have a pair of large antennae on your head. (SInv)
Your four strong arms can wield two-handed weapons with a shield.


Message History

The hobgoblin hits you. Robin throws the goblin at you!
The goblin closely misses you.
You slash the hobgoblin!
You kill the hobgoblin!
You hit the goblin. You block the goblin's attack.
You hit the goblin.
You kill the goblin!
You hit the goblin.
You kill the goblin!
The bat hits you but does no damage. The hobgoblin hits you.
You barely miss the hobgoblin. The hobgoblin barely misses you.
Natasha, Servant of Life and Death comes into view.
She is carrying a wand of quicksilver (11).
You closely miss the hobgoblin.
Natasha hisses angrily.
You block the hobgoblin's attack.
You slash the hobgoblin!
You kill the hobgoblin!
The bat hits you but does no damage. x2
You hit the bat.
The bat is moderately wounded.
The bat hits you but does no damage.
Natasha mumbles some strange words.
The bat closely misses you.
You miss the bat. The bat hits you but does no damage.
You slash Robin!
Robin is almost dead.
Robin barely misses you.
Natasha casts a spell.
Robin hits you with a +0 falchion.
You are too injured to fight recklessly!
Unknown command.
You are too injured to fight recklessly!
Unknown command.
You are too injured to fight recklessly!
You hit Robin.
You kill Robin!
The bat barely misses you.
Natasha zaps a wand.
The bolt of dispelling energy hits you!!
Ouch! That really hurt!
You die... #...# #...# ##...## #.5... #.... bh5

#)# #@#
#)#
#.#####.#
#.......#
#.##.#.##
#. .
#.#.##
#.### #.##
#....#
#....
....#
###..#
#.....##.#
#.####..#
#.....##.#


You could see an iron imp (summoned), Natasha, a white imp (summoned) and a bat.

Vanquished Creatures
  Natasha (twice) (D:2)
  Robin (D:2)
  A dart slug (D:2)
  3 endoplasms
  A giant cockroach (D:1)
  8 goblins
  6 hobgoblins
  8 kobolds
  3 ball pythons (D:1)
  2 bats
  2 frilled lizards
  2 rats
39 creatures vanquished.

Notes
Turn   | Place    | Note
-------+----------+-------------------------------------------
     0 | D:1      | Bnni the Formicid Fighter began the quest for the Orb.
     0 | D:1      | Reached XP level 1. HP: 18/18 MP: 1/1
   155 | D:1      | Reached XP level 2. HP: 24/24 MP: 2/2
   602 | D:1      | Found a faded altar of an unknown god.
   765 | D:2      | Reached XP level 3. HP: 29/29 MP: 3/3
   952 | D:2      | Noticed Natasha
   957 | D:2      | Killed Natasha
   958 | D:2      | Reached XP level 4. HP: 24/37 MP: 4/4
   997 | D:2      | Noticed Natasha
  1005 | D:2      | Killed Natasha
  1086 | D:2      | Noticed Robin
  1102 | D:2      | Noticed Natasha
  1108 | D:2      | Killed Robin
  1108 | D:2      | Killed from afar by Natasha

Illustrated notes

Levels and vault maps discovered:
D:1:      giann_horns, layout_rooms, shapermc_ecumenical_altar_totnotflames,
          nicolae_titane
D:2:      layout_loops_cross, serial_co_window_serial,
          co_window_of_opportunity_a, co_window_paths_a, co_window_corner_a,
          co_window_paths_a, co_window_corner_a, co_window_2corner,
          co_window_corner_cb, co_window_of_opportunity_b, co_window_broadway_b,
          co_window_unsneaky_path_b, co_window_corner_b, co_window_broadway_b,
          grunt_ministairs_11, roderic_three_in_a_row, uniq_robin, uniq_natasha

Skill      XL: |  1  2  3  4 |
---------------+-------------+-----
Axes           | 3 |  3.5
Fighting       | 4 |  4.0
Armour         | |  3.2
Shields        | |  4.9

Action                   |  1- 3 |  4- 6 || total
-------------------------+-------+-------++-------
Melee: War axe           |    64 |    31 ||    95
Armor: Scale mail        |    35 |     9 ||    44
Dodge: Dodged            |    31 |    17 ||    48
Block: Buckler           |    17 |     8 ||    25

Table legend: (Time is in decaauts)
 A = Elapsed time spent in this place.
 B = Non-inter-level travel time spent in this place.
 C = Inter-level travel time spent in this place.
 D = Time resting spent in this place.
 E = Time spent auto-exploring this place.
 F = Levels seen in this place.
 G = Mean time per level.
                   A        B        C        D        E       F      G
               +--------+--------+--------+--------+--------+-----+--------+
         Total |   1144 |   1119 |     25 |      0 |    865 |   2 |  572.0 |
       Dungeon |   1144 |   1119 |     25 |      0 |    865 |   2 |  572.0 |
               +--------+--------+--------+--------+--------+-----+--------+

Top non-repeatable levels by time:
     D:1: 722 daAuts
     D:2: 421 daAuts
